 Dungeon Crawl Stone Soup version 0.17.0-28-g6e173f8 (webtiles) character file.

67 sugabear the Covered (level 4, -2/29 HPs)
             Began as a Gargoyle Fighter on Nov 27, 2015.
             Slain by Sigmund
             ... wielding a +0 scythe
              (4 damage)
             ... on level 2 of the Dungeon.
             The game lasted 00:02:12 (1155 turns).

sugabear the Covered (Gargoyle Fighter)             Turns: 1155, Time: 00:02:12

Health: -2/29      AC: 10    Str: 20    XL:     4   Next: 18%
Magic:  4/4        EV:  7    Int:  9    God:
Gold:   78         SH:  0    Dex:  9    Spells: 0 memorised, 3 levels left

rFire  . . .     SeeInvis .     a - +0 war axe
rCold  . . .     Clarity  .     b - +0 scale mail
rNeg   + . .     SustAt   .     c - +0 shield
rPois  ∞         Gourm    .     (no helmet)
rElec  +         Spirit   .     (no cloak)
rCorr  .         Warding  .     (no gloves)
rMut   .         Stasis   .     (no boots)
MR     .....                    (no amulet)
Stlth  ..........               (no ring)
                                (no ring)

@: confused, not resistant to hostile enchantments, extremely unstealthy
A: negative energy resistance 1, electricity resistance, unbreathing,
petrification resistance, rot immunity, AC +3
a: no special abilities


You were on level 2 of the Dungeon.
You were not hungry.

You visited 1 branch of the dungeon, and saw 3 of its levels.

You collected 78 gold pieces.

Inventory:

Hand Weapons
 a - a +0 war axe (weapon)
Armour
 b - a +0 scale mail (worn)
 c - a +0 shield (worn)
Scrolls
 f - a scroll of immolation {unknown}
 g - 3 scrolls of identify {unknown}
 h - a scroll of remove curse {unknown}
 i - 2 scrolls of teleportation {unknown}
 l - a scroll of fear {unknown}
 q - a scroll of fog {unknown}
Potions
 d - a potion of might
 k - a potion of heal wounds {unknown}
 p - a potion of mutation {unknown}
Comestibles
 e - 2 bread rations
 j - 2 meat rations
 m - 4 chunks of flesh
 n - a fruit
 o - 3 beef jerkies


   Skills:
 + Level 3.7 Fighting
 + Level 2.2 Axes
 + Level 4.1 Armour
 + Level 0.4 Dodging
 + Level 3.8 Shields


You had 3 spell levels left.
You didn't know any spells.

Dungeon Overview and Level Annotations

Branches:
Dungeon (3/15)

Altars:

Annotations:
D:2 Sigmund


Innate Abilities, Weirdness & Mutations

You are resistant to torment.
Your stone body is resilient (AC +3).
You are immune to poison.
You resist negative energy.
You are resistant to electric shocks.
You can survive without breathing.
You are immune to petrification.
You are immune to rotting.


Message History

You are confused.
Something hits you but does no damage.
You bump into the rock wall.
Something hits you but does no damage.
You bump into the rock wall.
Something hits you.
You bump into the rock wall.
Something hits you but does no damage. Something hits you but does no damage.
You bump into the rock wall.
You feel less confused.
A magic dart appears from out of thin air!
The magic dart hits you! Something hits you but does no damage.
You miss something. Something completely misses you. Something hits you!
* * * LOW HITPOINT WARNING * * *
You closely miss something. You block its attack.
You closely miss something. Something hits you.
* * * LOW HITPOINT WARNING * * *
You hear some strange, mumbled words.
You are confused.
You're too confused to move!
Something hits you.
You die...

.#
#............#
##
#..###...###.#
# # ##.## #.#
# #.# #.# #
#.# #†# # #.#
#.# # .####.#
#.# # ......
#.# #
###...####@# #
....>....{.#
###.########


There were no monsters in sight!

Vanquished Creatures
  Robin (D:2)
  An ooze (D:1)
  A worm (D:2)
  A giant gecko (D:1)
  6 bats
  11 goblins
  8 hobgoblins
  3 jackals
  4 kobolds
  2 giant newts
  5 rats
43 creatures vanquished.

Notes
Turn   | Place    | Note
--------------------------------------------------------------
     0 | D:1      | sugabear the Gargoyle Fighter began the quest for the Orb.
     0 | D:1      | Reached XP level 1. HP: 14/14 MP: 1/1
   119 | D:1      | Reached XP level 2. HP: 19/19 MP: 2/2
   497 | D:1      | Reached XP level 3. HP: 21/23 MP: 3/3
   657 | D:2      | Noticed Robin
   679 | D:2      | Killed Robin
   679 | D:2      | Reached skill level 4 in Armour
   937 | D:2      | Reached XP level 4. HP: 29/29 MP: 4/4
  1132 | D:2      | Noticed Sigmund
  1155 | D:2      | Slain by Sigmund

Action                   |  1- 3 |  4- 6 || total
-------------------------+-------+-------++-------
Melee: War axe           |   115 |    32 ||   147
  Eat: Chunk             |       |     1 ||     1
